 Dungeon Sprint DCSS version 0.30-a0-371-gad7725a93e (webtiles) character file.

Game seed: 7295775533366764620

1776 mhtbhm the Unseen (level 8, -3/74 HPs)
             Began as an Armataur Brigand on Nov 21, 2022.
             Was a Follower of Dithmenos.
             Slain by an ice devil (14 damage)
             ... summoned by a kobold demonologist
             ... in the Dungeon (Sprint I: "Red Sonja").
             The game lasted 00:02:06 (827 turns).

mhtbhm the Unseen (Armataur Brigand)                 Turns: 827, Time: 00:02:07

Health: -3/74      AC:  7    Str: 22    XL:     8   Next: 81%
Magic:  8/8        EV: 11    Int:  6    God:    Dithmenos [*.....]
Gold:   344        SH:  0    Dex: 13    Spells: 7/7 levels left

rFire   . . .      SeeInvis .    a - +5 rapier of the Assorted Quests {flame, rElec Str+4 Int-5}
rCold   . . .      Faith    .    (no shield)
rNeg    . . .      Spirit   .    b - +2 robe {Will+}
rPois   .          Reflect  .    (no helmet)
rElec   +          Harm     .    c - +0 cloak
rCorr   .          Roll     +    (no gloves)
Will    +....      NoTele   +    (no barding)
Stlth   ++++++++..               (no amulet)
HPRegen 0.32/turn                (no ring)
MPRegen 0.11/turn                (no ring)

@: spiked, wreathed by umbra
A: large, rugged brown scales 3, deformed body, armoured tail, roll, long
tongue, awkward tongue
a: Renounce Religion


You were in the Dungeon.
You worshipped Dithmenos.
Dithmenos was aware of your devotion.
You visited 1 branch You collected 829 gold pieces.
You spent 485 gold pieces at shops.

Inventory:

Hand Weapons
 a - the +5 rapier of the Assorted Quests (weapon) {flame, rElec Str+4 Int-5}
   (You bought it in a shop in the Dungeon)

   It burns those it strikes, dealing additional fire damage.
   Str:       It affects your strength (+4).
   Int:       It affects your intelligence (-5).
   rElec:     It insulates you from electricity.
Missiles
 d - 9 poisoned darts
 e - 8 curare-tipped darts (quivered)
Armour
 b - a +2 robe of willpower (worn)
 c - a +0 cloak (worn)
Wands
 j - a wand of paralysis (5)
Scrolls
 k - a scroll of blinking
 n - a scroll of enchant weapon {unknown}
 o - a scroll of immolation {unknown}
 p - a scroll of enchant armour {unknown}
Potions
 f - 3 potions of curing
 h - a potion of haste
 i - 2 potions of magic
 l - a potion of ambrosia {unknown}
 m - a potion of attraction {unknown}
 q - a potion of cancellation {unknown}


   Skills:
 + Level 5.7 Fighting
 + Level 6.5 Short Blades
 + Level 6.0 Throwing
 + Level 3.9 Dodging
 + Level 18.4 Stealth
 * Level 1.0 Invocations
 + Level 0.9 Evocations


You had 7 spell levels left.
You didn't know any spells.
Your spell library was empty.

Dungeon Overview and Level Annotations

Branches:
Dungeon (1/1)

Altars:
Cheibriados
Dithmenos
Elyvilon
Fedhas
Gozag
Hepliaklqana
Kikubaaqudgha
Makhleb
Nemelex Xobeh
Okawaru
Qazlal
Ru
Sif Muna
Trog
Uskayaw
Vehumet
Wu Jian
Xom
Yredelemnul
Zin
The Shining One
Jiyva
Lugonu

Shops:
D *([


Innate Abilities, Weirdness & Mutations

You are completely covered in rugged brown scales. (AC +3, +7% HP)
Armour fits poorly on your strangely shaped body.
You have a long armoured tail.
You roll when moving toward enemies. (Rampage)
Your long tongue fully drains potion bottles. (2x potion effects)
Your tongue gives you trouble enunciating. (1.5x scroll delay)


Message History

You tail-slap the floating eye.
You kill the floating eye!
Dithmenos accepts your kill.
The red devil hits you from afar with a +0 trident!!
Barbed spikes become lodged in your body.
The ice devil hits you. The ice devil freezes you!
The kobold demonologist hits you but does no damage. x2
Your Invocations skill increases to level 1!
Unknown command.
You barely miss the kobold demonologist.
Your tail-slap misses the kobold demonologist.
The kobold demonologist is heavily wounded.
The ufetubus hits you but does no damage.
The ufetubus barely misses you. The ice devil closely misses you.
The red devil hits you from afar with a +0 trident.
Barbed spikes become lodged in your body.
The kobold demonologist hits you but does no damage.
The kobold demonologist hits you with a +0 dagger.
Press: ? - help, v - describe, . - travel
Here: an ice devil (summoned, umbra)
An open door.
You hit the kobold demonologist. You burn the kobold demonologist.
Your tail-slap misses the kobold demonologist.
The kobold demonologist is lightly wounded.
The ufetubus hits you but does no damage.
The ufetubus barely misses you. The ice devil completely misses you.
The red devil closely misses you.
The kobold demonologist casts a spell.
The kobold demonologist hits you with a +0 dagger.
Unknown command.
You puncture the kobold demonologist! You burn the kobold demonologist.
The kobold demonologist is heavily wounded.
The ufetubus misses you. The ufetubus closely misses you.
The red devil hits you from afar with a +0 trident!
* * * LOW HITPOINT WARNING * * *
Barbed spikes become lodged in your body.
The ice devil hits you!
* * * LOW HITPOINT WARNING * * *
The ice devil freezes you!
You die...

####################
'..#.['..#__#..4@K.#
#.)').#..'..'..#K55#
##'#####'#__####.54+
#..#...#.#### #####
####..##(#
___##'#_.+
∩..÷'..._#
.__##_.#'##+###
___###'#.#.[[.###


You could see an ice devil (summoned), 2 kobold demonologists, a red devil
(summoned), an iron imp (summoned), a quasit (summoned) and an ufetubus
(summoned).

Vanquished Creatures
  Sonja (D)
  A deep troll (D)
  A slime creature (D)
  A yak (D)
  Sigmund (D)
  A floating eye (D)
  An ogre (D)
  A jelly (D)
  Ijyb (D)
  A ballistomycete spore (D)
10 creatures vanquished.

Vanquished Creatures (others)
  A ballistomycete spore (D)
1 creature vanquished.

Grand Total: 11 creatures vanquished

Notes
Turn   | Place    | Note
-------+----------+-------------------------------------------
     0 | D        | mhtbhm the Armataur Brigand began the quest for the Orb.
     0 | D        | Reached XP level 1. HP: 18/18 MP: 1/1
     1 | D        | Noticed Ijyb
     8 | D        | Paralysed by Ijyb for 2 turns
    24 | D        | Killed Ijyb
    25 | D        | Reached skill level 1 in Dodging
    25 | D        | Reached skill level 7 in Stealth
    25 | D        | Reached XP level 2. HP: 16/26 MP: 2/2
   179 | D        | Noticed an ogre
   184 | D        | Killed an ogre
   185 | D        | Reached skill level 9 in Stealth
   185 | D        | Reached XP level 3. HP: 7/33 MP: 3/3
   185 | D        | Reached XP level 4. HP: 8/40 MP: 4/4
   308 | D        | Noticed Sigmund
   324 | D        | Killed Sigmund
   325 | D        | Reached skill level 12 in Stealth
   325 | D        | Reached XP level 5. HP: 26/49 MP: 5/5
   532 | D        | Found an ornate altar of the Wu Jian Council.
   532 | D        | Found a shimmering blue altar of Sif Muna.
   534 | D        | Found a radiant altar of Vehumet.
   539 | D        | Reached XP level 6. HP: 55/55 MP: 6/6
   544 | D        | Found Ponnoigi's Weapon Emporium.
   544 | D        | Found an ancient bone altar of Kikubaaqudgha.
   544 | D        | Found a hazy altar of Hepliaklqana.
   544 | D        | Found a stormy altar of Qazlal.
   544 | D        | Found a hide-covered altar of Uskayaw.
   544 | D        | Found a blossoming altar of Fedhas.
   544 | D        | Found a bloodstained altar of Trog.
   544 | D        | Found an iron altar of Okawaru.
   544 | D        | Found a basalt altar of Yredelemnul.
   544 | D        | Found a glowing golden altar of the Shining One.
   544 | D        | Found a snail-covered altar of Cheibriados.
   544 | D        | Found a sacrificial altar of Ru.
   544 | D        | Found a glowing silver altar of Zin.
   544 | D        | Found a shadowy altar of Dithmenos.
   544 | D        | Found a white marble altar of Elyvilon.
   544 | D        | Noticed a yak
   545 | D        | Found an opulent altar of Gozag.
   545 | D        | Killed a yak
   546 | D        | Reached skill level 14 in Stealth
   546 | D        | Found a sparkling altar of Nemelex Xobeh.
   553 | D        | Became a worshipper of Dithmenos the Shadowed
   606 | D        | Found a burning altar of Makhleb.
   606 | D        | Found a viscous altar of Jiyva.
   606 | D        | Found a shimmering altar of Xom.
   606 | D        | Found a corrupted altar of Lugonu.
   606 | D        | Noticed a slime creature
   608 | D        | Killed a slime creature
   609 | D        | Reached skill level 5 in Short Blades
   609 | D        | Reached skill level 15 in Stealth
   609 | D        | Reached XP level 7. HP: 64/64 MP: 7/7
   645 | D        | Noticed Sonja
   648 | D        | Killed Sonja
   649 | D        | Reached skill level 5 in Fighting
   649 | D        | Reached skill level 5 in Throwing
   649 | D        | Reached skill level 17 in Stealth
   649 | D        | Reached XP level 8. HP: 72/72 MP: 8/8
   706 | D        | Found Emam's Assorted Antiques.
   738 | D        | Bought the +5 rapier of the Assorted Quests {flame, rElec
                  | Str+4 Int-5} for 485 gold pieces
   750 | D        | Noticed a deep troll
   752 | D        | Killed a deep troll
   752 | D        | Reached * piety under Dithmenos
   753 | D        | Reached skill level 18 in Stealth
   762 | D        | Found Jororea's Armour Emporium.
   814 | D        | Noticed a kobold demonologist
   815 | D        | Noticed a kobold demonologist
   817 | D        | Paralysed by a floating eye for 4 turns
   819 | D        | Noticed a red devil
   822 | D        | Noticed an ice devil
   825 | D        | Reached skill level 1 in Invocations
   827 | D        | Slain by an ice devil

Illustrated notes

Levels and vault maps discovered:
D:        dungeon_sprint_1 [red_sonja_temple_1, red_sonja_temple_small_1]

Skill      XL: |  1  2  3  4  5  6  7  8 |
---------------+-------------------------+-----
Fighting       | 2 3 4 5 |  5.7
Short Blades   | 2 3 4 5 6 |  6.5
Throwing       | 2 3 4 5 6 |  6.0
Dodging        | 1 2 3 |  3.9
Stealth        | 7 9 12 15 17 18 | 18.4
Invocations    | 1 |  1.0
Evocations     | |  0.9

Action                   |  1- 3 |  4- 6 |  7- 9 || total
-------------------------+-------+-------+-------++-------
Melee: Dagger            |    21 |    12 |     2 ||    35
       Tailslap          |     1 |     2 |     2 ||     5
       Rapier            |       |       |     8 ||     8
Throw: Dart              |     1 |     2 |       ||     3
Evoke: Wand              |       |     1 |     1 ||     2
  Use: Potion            |     1 |       |     1 ||     2
 Stab: Sleeping          |     1 |     3 |     1 ||     5
       Paralysed         |       |     1 |     1 ||     2
Armor: Robe              |     2 |     1 |     6 ||     9
Dodge: Dodged            |     4 |     2 |    12 ||    18

Table legend: (Time is in decaauts)
 A = Elapsed time spent in this place.
 B = Non-inter-level travel time spent in this place.
 C = Inter-level travel time spent in this place.
 D = Time resting spent in this place.
 E = Time spent auto-exploring this place.
 F = Levels seen in this place.
 G = Mean time per level.
                   A        B        C        D        E       F      G
               +--------+--------+--------+--------+--------+-----+--------+
         Total |    828 |    828 |      0 |    450 |      1 |   1 |  828.0 |
       Dungeon |    828 |    828 |      0 |    450 |      1 |   1 |  828.0 |
               +--------+--------+--------+--------+--------+-----+--------+

Top non-repeatable levels by time:
       D: 828 daAuts
